 Dungeon Crawl Stone Soup version 0.27-a0-1149-g4505690ab0 (webtiles) character file.

Game seed: 392639513542841635

7 chippings the Slasher (level 1, 0/16 HPs)
             Began as a Mummy Gladiator on May 12, 2021.
             Slain by a goblin
             ... wielding a +0 club
              (3 damage)
             ... on level 1 of the Dungeon.
             The game lasted 00:00:27 (547 turns).

chippings the Slasher (Mummy Gladiator)              Turns: 547, Time: 00:00:28

Health: 0/16       AC:  7    Str: 17    XL:     1   Next: 91%
Magic:  1/1        EV: 10    Int:  7    God:
Gold:   9          SH:  0    Dex: 13    Spells: 0/0 levels left

rFire    x . .     SeeInvis .   a - +0 long sword
rCold    + . .     Faith    .   (no shield)
rNeg     + + +     Spirit   .   f - +0 scale mail
rPois    ∞         Reflect  .   c - +0 helmet
rElec    .         Harm     .   (no cloak)
rCorr    .         Rampage  .   (no gloves)
Will     .....                  (no boots)
Stlth    ..........             (no amulet)
HPRegen  0.05/turn              (no ring)
MPRegen  0.07/turn              (no ring)

@: no status effects
A: cold resistance 1, negative energy resistance 3, torment resistance 2, heat
vulnerability 1, no potions
a: no special abilities


You were on level 1 of the Dungeon.
You visited 1 branch of the dungeon, and saw 1 of its levels.

You collected 9 gold pieces.

Inventory:

Hand Weapons
 a - a +0 long sword (weapon)
Missiles
 d - 3 throwing nets (quivered)
Armour
 c - a +0 helmet (worn)
 f - a +0 scale mail (worn)
Scrolls
 e - a scroll of identify {unknown}


   Skills:
 + Level 2.1 Fighting
 * Level 2.6 Long Blades
 + Level 1.7 Throwing
 + Level 2.5 Dodging


You couldn't memorise any spells.
You didn't know any spells.
Your spell library was empty.

Dungeon Overview and Level Annotations

Branches:
Dungeon (1/15)

Altars:


Innate Abilities, Weirdness & Mutations

You are immune to poison.
Your flesh is cold resistant. (rC+)
You are immune to negative energy. (rN+++)
You are immune to unholy pain and torment.
You are vulnerable to heat. (rF-)
You do not drink.


Message History

The ball python constricts you. The ball python barely misses you.
The ball python constricts you.
You closely miss the ball python. The ball python bites you.
The ball python constricts you.
You hit the ball python.
The ball python is severely wounded.
The ball python barely misses you.
You riposte.
You hit the ball python.
You kill the ball python!
You see here a ball python corpse.
You see here a ball python corpse.
Found a stone staircase leading down.
Found 12 stones.
You see here 12 stones.
A rat comes into view.
The rat bites you.
You slash the rat!
You kill the rat!
You see here a rat corpse.
There is a stone staircase leading down here.
You open the door.
Found 21 arrows and 19 sling bullets.
A quokka and a goblin come into view.
The goblin shouts!
There is an open door here.
A kobold comes into view. It is wielding a +0 whip.
The goblin barely misses you.
You barely miss the kobold. The goblin hits you with a +0 club.
The quokka closely misses you.
You riposte.
You miss the quokka. The kobold hits you but does no damage.
The goblin hits you with a +0 club. The quokka bites you.
You hit the kobold.
You kill the kobold!
The quokka barely misses you. The goblin hits you with a +0 club.
You are too injured to fight recklessly!
You are too injured to fight recklessly!
The quokka bites you. x2
* * * LOW HITPOINT WARNING * * *
There is an open door here.
You hit the goblin but do no damage. The goblin hits you with a +0 club.
You die...

..(..........#
.............#
.......?.....#
......)......#
.............#
.............#
.....###r##### .....
#g## #### #@.# ##.#
#.# #.. ########
###.## #.. #......#
#....# #.. #......#
#....# #.# #......#
#....# #.# #......#
#....## #.#
###......#########..#
#.#


You could see a quokka and a goblin.

Vanquished Creatures
  2 ball pythons (D:1)
  A bat (D:1)
  A hobgoblin (D:1)
  A kobold (D:1)
  A frilled lizard (D:1)
  A rat (D:1)
7 creatures vanquished.

Notes
Turn   | Place    | Note
-------+----------+-------------------------------------------
     0 | D:1      | chippings the Mummy Gladiator began the quest for the Orb.
     0 | D:1      | Reached XP level 1. HP: 16/16 MP: 1/1
   547 | D:1      | Slain by a goblin

Illustrated notes

Levels and vault maps discovered:
D:1:      minmay_arrival_checkered_box, layout_basic

Action                   || total
-------------------------++-------
Melee: Long sword        ||    17
Armor: Scale mail        ||     7
       Leather armour    ||     4
Dodge: Dodged            ||    15
       Rpst.: Long sword ||     6

Table legend: (Time is in decaauts)
 A = Elapsed time spent in this place.
 B = Non-inter-level travel time spent in this place.
 C = Inter-level travel time spent in this place.
 D = Time resting spent in this place.
 E = Time spent auto-exploring this place.
 F = Levels seen in this place.
 G = Mean time per level.
                   A        B        C        D        E       F      G
               +--------+--------+--------+--------+--------+-----+--------+
         Total |    551 |    551 |      0 |      0 |    465 |   1 |  551.0 |
       Dungeon |    551 |    551 |      0 |      0 |    465 |   1 |  551.0 |
               +--------+--------+--------+--------+--------+-----+--------+

Top non-repeatable levels by time:
     D:1: 551 daAuts
